TOP OF THE 1ST |
Atlanta (MID) Braves batting - Pitching for Binghamton Mets : RHP Battista Aldobrandini
|
Pitching: RHP Battista Aldobrandini
|
|
Batting: RHB Zheng-ze King
|
0-0: Ball 1-0: Foul Ball, location: 2F 1-1: Foul Ball, location: 2F 1-2: SINGLE (Groundball, 3D, EV 102.5 MPH)
|
Batting: RHB Badr al Din Ridha
|
0-0: Foul Ball, location: 2F 0-1: Called Strike 0-2: Strikes out swinging
|
Pitching: RHP Edwin Velazquez
|
|
Batting: RHB Yojiro Hayashi
|
0-0: Called Strike 0-1: Called Strike 0-2: Ball 1-2: Foul Ball, location: 2F 1-2: Strikes out swinging
|
Batting: SHB Jose Melendez
|
0-0: Ball Zheng-ze King is caught stealing 2nd base 2-6
|
Top of the 1st over - 0 runs, 1 hit, 0 errors, 0 left on base; Atlanta (MID) 0 - Binghamton 0 |
BOTTOM OF THE 1ST |
Binghamton Mets batting - Pitching for Atlanta (MID) Braves : RHP Dave Espinoza
|
Pitching: RHP Dave Espinoza
|
|
Batting: RHB Oscar Bravo
|
0-0: Foul Ball, location: 2F 0-1: Fly out, F8 (Flyball, 78D, EV 106.9 MPH)
|
Batting: RHB Jose Lara
|
0-0: Called Strike 0-1: Ball 1-1: Ball 2-1: SINGLE (Line Drive, 78S, EV 95.0 MPH)
|
Batting: LHB Bayesa Mundhir
|
0-0: Ball Jose Lara is caught stealing 2nd base 2-6 1-0: Called Strike 1-1: Ball 2-1: Foul Ball, location: 2F 2-2: Foul Ball, location: 2F 2-2: Ball 3-2: Fly out, F8 (Flyball, 8LM, EV 90.0 MPH)
|
Bottom of the 1st over - 0 runs, 1 hit, 0 errors, 0 left on base; Atlanta (MID) 0 - Binghamton 0 |
TOP OF THE 2ND |
Atlanta (MID) Braves batting - Pitching for Binghamton Mets : RHP Edwin Velazquez
|
Batting: SHB Jose Melendez
|
0-0: Called Strike 0-1: Fly out, F8 (Flyball, 8LD, EV 83.8 MPH)
|
Batting: RHB Nick Holsinger
|
0-0: Ball 1-0: Ball 2-0: Called Strike 2-1: Fly out, F8 (Flyball, 8RD, EV 84.4 MPH)
|
Batting: LHB Joe Phillips
|
0-0: Ball 1-0: Ball 2-0: Ball 3-0: Called Strike 3-1: Fly out, F8 (Flyball, 78D, EV 106.9 MPH)
|
Top of the 2nd over - 0 runs, 0 hits, 0 errors, 0 left on base; Atlanta (MID) 0 - Binghamton 0 |
BOTTOM OF THE 2ND |
Binghamton Mets batting - Pitching for Atlanta (MID) Braves : RHP Dave Espinoza
|
Batting: LHB Tony Leyba
|
0-0: Ball 1-0: Ball 2-0: Called Strike 2-1: DOUBLE (Flyball, 78XD, EV 107.5 MPH)
|
Batting: RHB Jordan Williams
|
0-0: Called Strike 0-1: Called Strike 0-2: Ground out 6-3 (Groundball, 6, EV 100.0 MPH)
|
Batting: RHB Fathi Addae
|
0-0: Ground out 6-3 (Groundball, 6, EV 76.9 MPH)
|
Batting: RHB Gang-sheng Chew
|
0-0: Called Strike 0-1: SINGLE (Groundball, 6, EV 100.0 MPH) Tony Leyba to third
|
Batting: RHB Frank Shaw
|
0-0: Fielders Choice at 2nd, 6-4 (Groundball, 6, EV 88.1 MPH)
|
Bottom of the 2nd over - 0 runs, 2 hits, 0 errors, 2 left on base; Atlanta (MID) 0 - Binghamton 0 |
TOP OF THE 3RD |
Atlanta (MID) Braves batting - Pitching for Binghamton Mets : RHP Edwin Velazquez
|
Batting: LHB Malik Boulay
|
0-0: Swinging Strike 0-1: SINGLE (Groundball, 4MD, EV 98.8 MPH) (infield hit)
|
Batting: RHB George Provance
|
0-0: Fielders Choice at 2nd, 4-6 (Groundball, 4, EV 95.6 MPH)
|
Batting: RHB Miguel Vazquez
|
0-0: Called Strike 0-1: Ball 1-1: Ball 2-1: Foul Ball, location: 2F 2-2: Ball George Provance is caught stealing 2nd base 2-4 3-2: SINGLE (Groundball, 6MD, EV 100.6 MPH)
|
Batting: RHB Zheng-ze King
|
0-0: Ball 1-0: Ball 2-0: Fielders Choice at 2nd, 6-4 (Groundball, 6, EV 88.8 MPH)
|
Top of the 3rd over - 0 runs, 2 hits, 0 errors, 1 left on base; Atlanta (MID) 0 - Binghamton 0 |
BOTTOM OF THE 3RD |
Binghamton Mets batting - Pitching for Atlanta (MID) Braves : RHP Dave Espinoza
|
Batting: RHB Victor Reyes
|
0-0: Ball 1-0: Foul Ball, location: 2F 1-1: Ball 2-1: Ball 3-1: Called Strike 3-2: Base on Balls
|
Batting: RHB Oscar Bravo
|
0-0: Foul Ball, location: 2F 0-1: Foul Ball, location: 2F 0-2: Ball 1-2: Foul Ball, location: 2F 1-2: DOUBLE (Groundball, 5L, EV 96.2 MPH) Victor Reyes to third
|
Batting: RHB Jose Lara
|
0-0: Ball 1-0: Fly out, F8 (Flyball, 89M, EV 84.4 MPH) Runner from 3rd tags up, SCORES, throw by CF
|
Batting: LHB Bayesa Mundhir
|
0-0: Called Strike 0-1: Foul Ball, location: 2F 0-2: Ball 1-2: Foul Ball, location: 2F 1-2: Ball 2-2: Strikes out looking
|
Batting: LHB Tony Leyba
|
0-0: Called Strike 0-1: 2-RUN HOME RUN (Flyball, 7LD, EV 93.8 MPH), Distance : 336 ft
|
Batting: RHB Jordan Williams
|
0-0: Ball 1-0: Ball 2-0: Ground out 2-3 (Groundball, 2L, EV 71.9 MPH)
|
Bottom of the 3rd over - 3 runs, 2 hits, 0 errors, 0 left on base; Atlanta (MID) 0 - Binghamton 3 |
TOP OF THE 4TH |
Atlanta (MID) Braves batting - Pitching for Binghamton Mets : RHP Edwin Velazquez
|
Batting: RHB Badr al Din Ridha
|
0-0: Ball 1-0: Ball 2-0: SINGLE (Line Drive, 9S, EV 92.5 MPH)
|
Batting: RHB Yojiro Hayashi
|
0-0: Foul Ball, location: 2F 0-1: Ball 1-1: Ball Wild Pitch! Badr al Din Ridha to second 2-1: Ball 3-1: Foul Ball, location: 2F 3-2: Strikes out looking
|
Batting: SHB Jose Melendez
|
0-0: Ball 1-0: Foul Ball, location: 2F 1-1: Foul Ball, location: 2F 1-2: DOUBLE (Groundball, 5L, EV 107.5 MPH) Badr al Din Ridha scores
|
Batting: RHB Nick Holsinger
|
0-0: Called Strike 0-1: Foul Ball, location: 2F 0-2: SINGLE (Line Drive, 8RS, EV 94.4 MPH) Jose Melendez to third Runner from 3rd tries for Home, SAFE, throw by CF to home
|
Batting: LHB Joe Phillips
|
0-0: Swinging Strike 0-1: Ball 1-1: SINGLE (Line Drive, 6D, EV 106.9 MPH) Nick Holsinger to second
|
Batting: LHB Malik Boulay
|
0-0: Ball 1-0: Ball 2-0: Swinging Strike 2-1: Foul Ball, location: 2F 2-2: Fly out, F8 (Line Drive, 8RD, EV 98.1 MPH)
|
Pitching: RHP Gwidon Kaminski
|
|
Batting: RHB George Provance
|
0-0: Called Strike 0-1: SINGLE (Groundball, 13S, EV 71.9 MPH) (infield hit) Nick Holsinger to third Joe Phillips to second
|
Batting: RHB Miguel Vazquez
|
0-0: Ball 1-0: Swinging Strike 1-1: Ball 2-1: SINGLE (Groundball, 56D, EV 98.8 MPH) Nick Holsinger scores Joe Phillips to third George Provance to second Runner from 3rd tries for Home, SAFE, throw by LF to home
|
Batting: RHB Zheng-ze King
|
0-0: Ball Passed Ball! George Provance to third Miguel Vazquez to second 1-0: Ball 2-0: Swinging Strike 2-1: Called Strike 2-2: Strikes out looking
|
Top of the 4th over - 4 runs, 6 hits, 0 errors, 2 left on base; Atlanta (MID) 4 - Binghamton 3 |
BOTTOM OF THE 4TH |
Binghamton Mets batting - Pitching for Atlanta (MID) Braves : RHP Dave Espinoza
|
Batting: RHB Fathi Addae
|
0-0: Swinging Strike 0-1: Foul Ball, location: 2F 0-2: Ball 1-2: Ball 2-2: Ground out 6-3 (Groundball, 6, EV 85.6 MPH)
|
Batting: RHB Gang-sheng Chew
|
0-0: Foul Ball, location: 2F 0-1: Called Strike 0-2: Ball 1-2: Strikes out looking
|
Batting: RHB Frank Shaw
|
0-0: Ball 1-0: Called Strike 1-1: Foul Ball, location: 2F 1-2: SINGLE (Groundball, 6MD, EV 100.6 MPH)
|
Batting: RHB Victor Reyes
|
0-0: Ball 1-0: Called Strike 1-1: Ground out 4-3 (Groundball, 4, EV 103.1 MPH)
|
Bottom of the 4th over - 0 runs, 1 hit, 0 errors, 1 left on base; Atlanta (MID) 4 - Binghamton 3 |
TOP OF THE 5TH |
Atlanta (MID) Braves batting - Pitching for Binghamton Mets : RHP Gwidon Kaminski
|
Batting: RHB Badr al Din Ridha
|
0-0: Swinging Strike 0-1: Foul Ball, location: 2F 0-2: Ball 1-2: Ball 2-2: Ball 3-2: Ground out 5-3 (Groundball, P, EV 87.5 MPH)
|
Batting: RHB Yojiro Hayashi
|
0-0: Ball 1-0: Foul Ball, location: 2F 1-1: Foul Ball, location: 2F 1-2: Ball 2-2: Ground out 6-3 (Groundball, 56D, EV 82.5 MPH)
|
Batting: SHB Jose Melendez
|
0-0: Ball 1-0: Swinging Strike 1-1: Foul Ball, location: 2F 1-2: Ground out U3 (Groundball, 3, EV 80.6 MPH)
|
Top of the 5th over - 0 runs, 0 hits, 0 errors, 0 left on base; Atlanta (MID) 4 - Binghamton 3 |
BOTTOM OF THE 5TH |
Binghamton Mets batting - Pitching for Atlanta (MID) Braves : RHP Dave Espinoza
|
Batting: RHB Oscar Bravo
|
0-0: Ground out 4-3 (Groundball, 4, EV 93.1 MPH)
|
Batting: RHB Jose Lara
|
0-0: Swinging Strike 0-1: Ball 1-1: Called Strike 1-2: Strikes out swinging
|
Batting: LHB Bayesa Mundhir
|
0-0: Ball 1-0: Ground out U3 (Groundball, 3, EV 91.9 MPH)
|
Bottom of the 5th over - 0 runs, 0 hits, 0 errors, 0 left on base; Atlanta (MID) 4 - Binghamton 3 |
TOP OF THE 6TH |
Atlanta (MID) Braves batting - Pitching for Binghamton Mets : RHP Gwidon Kaminski
|
Batting: RHB Nick Holsinger
|
0-0: Called Strike 0-1: Ball 1-1: Foul Ball, location: 2F 1-2: Foul Ball, location: 2F 1-2: Ball 2-2: Fly out, F8 (Flyball, 8RS, EV 91.9 MPH)
|
Batting: LHB Joe Phillips
|
0-0: Ball 1-0: Called Strike 1-1: Foul Ball, location: 2F 1-2: Ball 2-2: Strikes out looking
|
Batting: LHB Malik Boulay
|
0-0: Called Strike 0-1: Ball 1-1: Ball 2-1: Fly out, F8 (Line Drive, 8LM, EV 110.6 MPH)
|
Top of the 6th over - 0 runs, 0 hits, 0 errors, 0 left on base; Atlanta (MID) 4 - Binghamton 3 |
BOTTOM OF THE 6TH |
Binghamton Mets batting - Pitching for Atlanta (MID) Braves : RHP Dave Espinoza
|
Batting: LHB Tony Leyba
|
0-0: Called Strike 0-1: Swinging Strike 0-2: Strikes out swinging
|
Batting: RHB Jordan Williams
|
0-0: Called Strike 0-1: Foul Ball, location: 2F 0-2: Ball 1-2: Ball 2-2: Foul Ball, location: 2F 2-2: Fly out, F9 (Flyball, 89M, EV 97.5 MPH)
|
Batting: RHB Fathi Addae
|
0-0: Fly out, F8 (Flyball, 78S, EV 82.5 MPH)
|
Bottom of the 6th over - 0 runs, 0 hits, 0 errors, 0 left on base; Atlanta (MID) 4 - Binghamton 3 |
TOP OF THE 7TH |
Atlanta (MID) Braves batting - Pitching for Binghamton Mets : RHP Gwidon Kaminski
|
Pitching: RHP Ian Daniels
|
|
Batting: RHB George Provance
|
0-0: SINGLE (Flyball, 6D, EV 89.4 MPH)
|
Batting: RHB Miguel Vazquez
|
0-0: Called Strike George Provance steals 2nd base 0-1: Swinging Strike 0-2: Strikes out looking
|
Batting: RHB Zheng-ze King
|
0-0: Intentional Walk
|
Batting: RHB Badr al Din Ridha
|
0-0: Ball 1-0: Ball 2-0: Called Strike 2-1: Fly out, F8 (Line Drive, 89M, EV 92.5 MPH)
|
Batting: RHB Yojiro Hayashi
|
0-0: Ball 1-0: Ground out 4-3 (Groundball, 4, EV 102.5 MPH)
|
Top of the 7th over - 0 runs, 1 hit, 0 errors, 2 left on base; Atlanta (MID) 4 - Binghamton 3 |
BOTTOM OF THE 7TH |
Binghamton Mets batting - Pitching for Atlanta (MID) Braves : RHP Dave Espinoza
|
Batting: RHB Gang-sheng Chew
|
0-0: Ball 1-0: Called Strike 1-1: Ball 2-1: Called Strike 2-2: Ball 3-2: Strikes out looking
|
Batting: RHB Frank Shaw
|
0-0: Hit by Pitch
|
Batting: RHB Victor Reyes
|
0-0: Foul Ball, location: 2F 0-1: Hit by Pitch Frank Shaw to second
|
Batting: RHB Oscar Bravo
|
0-0: Ball 1-0: Grounds into double play, 1-4-3 (Groundball, 15S, EV 66.9 MPH)
|
Bottom of the 7th over - 0 runs, 0 hits, 0 errors, 1 left on base; Atlanta (MID) 4 - Binghamton 3 |
TOP OF THE 8TH |
Atlanta (MID) Braves batting - Pitching for Binghamton Mets : RHP Ian Daniels
|
Batting: SHB Jose Melendez
|
0-0: Ball 1-0: Ball 2-0: Ball 3-0: Base on Balls
|
Batting: RHB Nick Holsinger
|
0-0: Ground out 5-3 (Groundball, 5, EV 99.4 MPH) Jose Melendez to second
|
Batting: LHB Joe Phillips
|
0-0: Intentional Walk
|
Batting: LHB Malik Boulay
|
0-0: Grounds into double play, 4-6-3 (Groundball, 4, EV 110.0 MPH)
|
Top of the 8th over - 0 runs, 0 hits, 0 errors, 1 left on base; Atlanta (MID) 4 - Binghamton 3 |
BOTTOM OF THE 8TH |
Binghamton Mets batting - Pitching for Atlanta (MID) Braves : RHP Dave Espinoza
|
Now at C: David Zelaya
|
|
Now at 1B: Nick Holsinger
|
|
Batting: RHB Jose Lara
|
0-0: Ball 1-0: Ball 2-0: Ball 3-0: SINGLE (Groundball, 56D, EV 100.0 MPH) (infield hit)
|
Batting: LHB Bayesa Mundhir
|
0-0: Ball 1-0: Ball 2-0: Ball 3-0: Base on Balls Jose Lara to second
|
Batting: LHB Tony Leyba
|
0-0: Ball Wild Pitch! Jose Lara to third Bayesa Mundhir to second 1-0: Ball 2-0: SINGLE (Groundball, 6, EV 96.9 MPH) (infield hit) Jose Lara scores Bayesa Mundhir to third
|
Pinch Hitting: LHB Preston Knaak
|
0-0: Called Strike Balk! Bayesa Mundhir scores Tony Leyba to second 0-1: Ball 1-1: Intentional Walk
|
Pitching: RHP Carlos Dominguez
|
|
Batting: RHB Fathi Addae
|
0-0: Called Strike 0-1: Foul Ball, location: 2F 0-2: Foul Ball, location: 2F 0-2: Ball 1-2: Ground out 5-3 (Groundball, 25, EV 61.9 MPH) Tony Leyba to third Preston Knaak to second
|
Batting: RHB Gang-sheng Chew
|
0-0: Fly out, F3 (Popup, 23F, EV 89.4 MPH)
|
Batting: RHB Frank Shaw
|
0-0: Called Strike 0-1: Ball 1-1: Swinging Strike 1-2: Foul Ball, location: 2F 1-2: Ball Passed Ball! Tony Leyba scores Preston Knaak to third 2-2: Foul Ball, location: 2F 2-2: SINGLE (Line Drive, 78M, EV 87.5 MPH) Preston Knaak scores
|
Batting: RHB Victor Reyes
|
0-0: Fly out, F8 (Line Drive, 8RM, EV 96.9 MPH)
|
Bottom of the 8th over - 4 runs, 3 hits, 0 errors, 1 left on base; Atlanta (MID) 4 - Binghamton 7 |
TOP OF THE 9TH |
Atlanta (MID) Braves batting - Pitching for Binghamton Mets : RHP Ian Daniels
|
Pitching: RHP Robby Guzman
|
|
Now in RF: Ryan Brown
|
|
Batting: RHB George Provance
|
0-0: Swinging Strike 0-1: Ball 1-1: Called Strike 1-2: Foul Ball, location: 2F 1-2: Ball 2-2: Ball 3-2: Ground out 5-3 (Groundball, 5, EV 111.9 MPH)
|
Batting: RHB David Zelaya
|
0-0: Foul Ball, location: 2F 0-1: Ball 1-1: Ground out 3-1 (Groundball, 34S, EV 90.0 MPH)
|
Batting: RHB Zheng-ze King
|
0-0: Foul Ball, location: 2F 0-1: Ball 1-1: Foul Ball, location: 2F 1-2: SINGLE (Line Drive, 56D, EV 106.2 MPH)
|
Batting: RHB Badr al Din Ridha
|
0-0: Ball 1-0: Ball 2-0: Ball 3-0: Called Strike 3-1: Ground out 4-3 (Groundball, 4, EV 90.0 MPH)
|
Top of the 9th over - 0 runs, 1 hit, 0 errors, 1 left on base; Atlanta (MID) 4 - Binghamton 7 |
|